 Dungeon Crawl Stone Soup version 0.19-a0-1168-g98094fc (webtiles) character file.

2466 Ijustatesigmund the Blocker (level 9, -23/69 HPs)
             Began as a Demonspawn Fighter on Aug 12, 2016.
             Annihilated by a two-headed ogre
             ... wielding a +0 giant spiked club
              (30 damage)
             ... on level 8 of the Dungeon on Aug 15, 2016.
             The game lasted 00:21:11 (7741 turns).

Ijustatesigmund the Blocker (Demonspawn Fighter)    Turns: 7741, Time: 00:21:12

Health: -23/69     AC: 11    Str: 17    XL:     9   Next: 26%
Magic:  9/9        EV:  6    Int:  9    God:
Gold:   357        SH: 17    Dex: 16    Spells: 0 memorised, 8 levels left

rFire  . . .     SeeInvis .     a - +1 flail
rCold  . . .     Gourm    .     n - +0 chain mail
rNeg   . . .     Faith    .     e - +1 large shield {reflect}
rPois  .         Spirit   .     (no helmet)
rElec  .         Dismiss  .     (no cloak)
rCorr  .         Reflect  +     g - +0 pair of gloves
MR     .....     Harm     .     y - +0 pair of boots
Stlth  .......... Rnd*Tele +    (no amulet)
                                l - ring of loudness (curse)
                                k - ring of teleportation (curse)

@: no status effects
A: claws 1, repulsion field 1, powered by death 2
a: no special abilities


You were on level 8 of the Dungeon.
You were hungry.

You visited 2 branches of the dungeon, and saw 9 of its levels.

You collected 357 gold pieces.

Inventory:

Hand Weapons
 a - a +1 flail (weapon)
Missiles
 j - a tomahawk of returning (quivered)
Armour
 c - the +3 hat of Pondering {ponderous, MR+ MP+10 Int+5}
   (You found it on level 5 of the Dungeon)

   It affects your intelligence (+5).
   It affects your resistance to hostile enchantments.
   It affects your magic capacity (+10).
 e - a +1 large shield of reflection (worn)
 g - a +0 pair of gloves (worn)
 n - a +0 chain mail (worn)
 y - a +0 pair of boots (worn)
Jewellery
 h - an uncursed ring of see invisible
 k - a cursed ring of teleportation (left hand)
 l - a cursed ring of loudness (right hand)
 q - an uncursed ring of ice
Wands
 b - a wand of flame (20/48)
 t - a wand of slowing (1/48)
 C - a wand of paralysis (7/24)
 E - a wand of confusion (21/48)
Scrolls
 r - a scroll of enchant weapon
 x - a scroll of recharging
Potions
 d - 2 potions of cancellation
 i - a potion of lignification {unknown}
 o - a potion of magic
 u - a potion of brilliance
Comestibles
 f - 6 bread rations
 m - 3 fruits


   Skills:
 - Level 6.0 Fighting
 - Level 6.1 Maces & Flails
 - Level 2.6 Armour
 - Level 2.1 Dodging
 + Level 8.7 Shields


You had 8 spell levels left.
You didn't know any spells.

Dungeon Overview and Level Annotations

Branches:
Dungeon (8/15)             Temple (1/1) D:7
   Lair: D:8-11

Altars:
Ashenzari
Cheibriados
Dithmenos
Elyvilon
Fedhas
Gozag
Hepliaklqana
Kikubaaqudgha
Makhleb
Nemelex Xobeh
Okawaru
Pakellas
Qazlal
Ru
Sif Muna
Trog
Uskayaw
Vehumet
Xom
Zin
The Shining One

Annotations:
D:4 Prince Ribbit
D:6 exclusion: oklob plant


Innate Abilities, Weirdness & Mutations

You have sharp fingernails.
You are surrounded by a mild repulsion field. (EV +2)
You regenerate health from kills.


Message History

You block the two-headed ogre's attack.
You hit the two-headed ogre but do no damage.
The two-headed ogre is severely wounded.
The two-headed ogre hits you with a giant spiked club!!
* * * LOW HITPOINT WARNING * * *
You block the two-headed ogre's attack.
You are too injured to fight recklessly!
You are too injured to fight recklessly!
You are too injured to fight recklessly!
You are too injured to fight recklessly!
You are too injured to fight recklessly!
Okay, then.
Okay, then.
Your shield and chain mail prevent you from hitting the two-headed ogre.
The two-headed ogre is severely wounded.
You block the two-headed ogre's attack. The two-headed ogre barely misses you.
Your chain mail prevents you from hitting the two-headed ogre.
The two-headed ogre is severely wounded.
The two-headed ogre hits you with a giant spiked club!!
You die...

#.....#.........
#.$..#.....#......... #
#/(..#.....#.........
.##....#.....#.........
.(....#.....#.........
#(...#.....#.........
#....#.....'.........
#..O.#.....######....
#...@#..........#....
#...!'..........#....
#....#..........#....
######..........#....
#######....#....
#....#.... #....+....
#....#.... ###....#+###


You could see a two-headed ogre.

Vanquished Creatures
  The ghost of Gagarin the Chucker, an amateur TrHu (D:4)
  A spriggan (D:7)
  2 hungry ghosts (D:7)
  An eye of draining (D:6)
  An ice beast (D:5)
  A sky beast (D:8)
  A black bear (D:7)
  An ogre (D:4)
  A centaur (D:5)
  A big kobold (D:7)
  Blork the orc (D:5)
  A giant frog (D:6)
  3 howler monkeys (D:8)
  3 crimson imps
  A centaur skeleton (D:8)
  A giant frog skeleton (D:4)
  2 orc priests
  A centaur zombie (D:5)
  2 hounds
  2 jellies
  Jessica (D:2)
  2 iguanas
  5 orc wizards
  3 worker ants
  A hound skeleton (D:5)
  A howler monkey zombie (D:6)
  9 adders
  7 gnolls
  2 shadow imps
  3 oozes
  An adder skeleton (D:5)
  3 worms
  3 dart slugs
  9 giant geckos
  20 orcs
  4 giant cockroaches
  2 hobgoblins (D:1)
  3 jackals (D:6)
  5 quokkas
  2 ball pythons
  6 bats
  A giant cockroach zombie (D:5)
  A giant gecko zombie (D:5)
  3 giant newts
  4 goblins
  A jackal skeleton (D:5)
  11 kobolds
  A quokka zombie (D:7)
  7 rats
149 creatures vanquished.

Vanquished Creatures (others)
  5 fungi (D:6)
5 creatures vanquished.

Grand Total: 154 creatures vanquished

Notes
Turn   | Place    | Note
-------+----------+-------------------------------------------
     0 | D:1      | Ijustatesigmund the Demonspawn Fighter began the quest for the Orb.
     0 | D:1      | Reached XP level 1. HP: 18/18 MP: 1/1
   323 | D:1      | Gained mutation: You regenerate a little health from kills. [demonic ancestry]
   323 | D:1      | Reached XP level 2. HP: 19/24 MP: 2/2
   798 | D:2      | Reached XP level 3. HP: 15/29 MP: 3/3
   988 | D:2      | Found a shattered altar of Ashenzari.
  1203 | D:2      | Gained mutation: You have sharp fingernails. [demonic ancestry]
  1203 | D:2      | Reached XP level 4. HP: 20/37 MP: 4/4
  1487 | D:2      | Found a bloodstained altar of Trog.
  1495 | D:2      | Found a stormy altar of Qazlal.
  1499 | D:2      | Found a glowing golden altar of the Shining One.
  1732 | D:2      | Noticed Jessica
  1746 | D:2      | Killed Jessica
  2100 | D:2      | Gained mutation: You regenerate health from kills. [demonic ancestry]
  2100 | D:2      | Reached XP level 5. HP: 32/42 MP: 5/5
  2666 | D:3      | Found a shadowy altar of Dithmenos.
  2851 | D:3      | Found an opulent altar of Gozag.
  3134 | D:3      | Reached XP level 6. HP: 31/50 MP: 6/6
  3285 | D:4      | Noticed Gagarin's ghost (amateur TrHu)
  3304 | D:4      | Killed Gagarin's ghost
  3304 | D:4      | Reached skill level 5 in Fighting
  3304 | D:4      | Reached skill level 5 in Maces & Flails
  3304 | D:4      | Reached XP level 7. HP: 28/56 MP: 7/7
  3657 | D:4      | Found a shattered altar of Ashenzari.
  3685 | D:4      | Reached skill level 1 in Dodging
  4156 | D:5      | Entered Level 5 of the Dungeon
  4158 | D:5      | Noticed Prince Ribbit
  4466 | D:5      | Reached skill level 3 in Shields
  4539 | D:5      | Noticed Blork the orc
  4548 | D:5      | Killed Blork the orc
  4735 | D:5      | Gained mutation: You are surrounded by a mild repulsion field. (EV +2) [demonic ancestry]
  4735 | D:5      | Reached XP level 8. HP: 62/64 MP: 8/8
  4757 | D:5      | Reached skill level 4 in Shields
  4902 | D:5      | Found a shimmering altar of Xom.
  4902 | D:5      | Found a burning altar of Makhleb.
  5213 | D:6      | Reached skill level 5 in Shields
  5261 | D:6      | Noticed an oklob plant
  5289 | D:7      | HP: 3/64 [acid (9)]
  5722 | D:7      | Reached skill level 6 in Shields
  5791 | D:7      | Reached skill level 7 in Shields
  5997 | D:7      | Found a staircase to the Ecumenical Temple.
  6011 | Temple   | Entered the Ecumenical Temple
  6285 | D:7      | Noticed a hill giant
  6292 | D:7      | HP: 1/64 [hill giant/giant club (9)]
  6619 | D:6      | Reached XP level 9. HP: 16/69 MP: 9/9
  6637 | D:6      | HP: 2/69 [ooze (4)]
  6955 | D:7      | Upgraded the game from 0.19-a0-1127-gac58878 to 0.19-a0-1168-g98094fc
  7334 | D:7      | Reached skill level 8 in Shields
  7741 | D:8      | Annihilated by a two-headed ogre

Vault maps used:
D:1:      dpeg_arrival_more_subterranean_lakeside_camping,
          hangedman_decor_clover_reticule
D:2:      minmay_overflow_temple_star_quad, nrook_uturn, lemuel_tele_altar,
          uniq_jessica
D:3:      nicolae_dithmenos_shadow_blocks, grunt_gozag_breadcrumbs
D:4:      lemuel_crystal_altar, first_bread, minivault_24,
          minmay_misc_feat_rugged, kennysheep_generic_room_16
D:5:      grunt_temple_overflow_champion_of_chaos, uniq_blork_the_orc,
          uniq_prince_ribbit1
D:6:      lemuel_slime, mrwooster_statue_mirror, uniq_crazy_yiuf_cottage
D:7:      the_bakery
D:8:      trog_wizard
Temple:   dshaligram_water_room_temple

Skill      XL: |  1  2  3  4  5  6  7  8  9 |
---------------+----------------------------+-----
Maces & Flails | 2 3 4 5 6 |  6.1
Fighting       | 4 5 6 |  6.0
Dodging        | 2 |  2.1
Shields        | 3 7 8 |  8.7
Armour         | |  2.6

Action                   |  1- 3 |  4- 6 |  7- 9 || total
-------------------------+-------+-------+-------++-------
Melee: Flail             |   122 |   194 |   450 ||   766
Throw: Tomahawk          |     3 |     3 |     2 ||     8
Evoke: Wand              |       |     3 |     5 ||     8
  Use: Scroll            |     4 |     4 |     9 ||    17
       Potion            |     3 |     1 |     9 ||    13
  Eat: Chunk             |       |     2 |    10 ||    12
       Bread ration      |       |     1 |     3 ||     4
       Beef jerky        |       |     1 |       ||     1
       Fruit             |       |       |     4 ||     4
       Meat ration       |       |       |     1 ||     1
       Royal jelly       |       |       |     1 ||     1
       Pizza             |       |       |     1 ||     1
Armor: Scale mail        |    71 |    12 |       ||    83
       Chain mail        |       |    92 |   186 ||   278
Dodge: Dodged            |    36 |    18 |   103 ||   157
Block: Shield            |    59 |    82 |    45 ||   186
       Large shield      |       |       |   350 ||   350
       Reflection        |       |       |     4 ||     4
